 Dungeon Crawl Stone Soup version 0.31-a0-1405-g2bb1a01664 (webtiles) character file.

Game seed: 10592914945033175846

2289 drugrobin the Ducker (level 8, -3/62 HPs)
             Began as a Demigod Delver on Dec 26, 2023.
             Shot with a bolt by an orc (11 damage)
             ... in a bailey.
             The game lasted 00:26:55 (8185 turns).

drugrobin the Ducker (Demigod Delver)               Turns: 8185, Time: 00:26:55

Health: -3/62      AC: 11    Str: 17    XL:     8   Next: 96%
Magic:  19/19      EV:  7    Int: 12    God:
Gold:   334        SH:  0    Dex: 19    Spells: 5/17 levels left

rFire   x . .        a - +3 dagger (venom)
rCold   + . .        (no shield)
rNeg    . . .        C - +0 plate armour
rPois   .            (no helmet)
rElec   .            (no cloak)
rCorr   .            o - +0 pair of gloves
SInv    .            (no boots)
Will    .....        (no amulet) Stlth
                     q - ring of ice
HPRegen 0.30/turn    (no ring)
MPRegen 0.16/turn

%: no passive effects
@: no status effects
A: high MP 1, forlorn, divine attributes
a: no special abilities


You were in a bailey.
You visited 1 branch of the dungeon, and saw 7 of its levels.
You also visited: Bailey.

You collected 334 gold pieces.

Inventory:

Hand Weapons
 a - a +3 dagger of venom (weapon)
 b - a +0 sling
 B - a +0 whip of venom
 J - a +3 flail
Missiles
 y - 2 boomerangs (quivered)
 D - 29 poisoned darts
Armour
 j - a +0 ring mail
 k - a +0 leather armour
 l - a +0 scale mail
 o - a +0 pair of gloves (worn)
 C - a +0 plate armour (worn)
Magical Staves
 u - a staff of fire
Jewellery
 q - a ring of ice (left hand)
Talismans
 t - a maw talisman
Wands
 g - a wand of digging (3)
 E - a wand of acid (3)
Scrolls
 c - a scroll of fog
 d - 3 scrolls of revelation
 e - 2 scrolls of fear
 m - 5 scrolls of identify {unknown}
 x - 2 scrolls of amnesia {unknown}
 z - 3 scrolls of teleportation {unknown}
 I - a scroll of immolation {unknown}
Potions
 f - a potion of haste
 h - a potion of lignification {unknown}
 i - 2 potions of mutation {unknown}
 n - 5 potions of curing
 s - 2 potions of magic {unknown}
 v - a potion of brilliance {unknown}
 A - a potion of cancellation {unknown}
 F - 2 potions of degeneration {unknown}
 G - 2 potions of invisibility {unknown}
 H - a potion of ambrosia {unknown}


   Skills:
 - Level 2.6 Fighting
 - Level 3.4 Maces & Flails
 + Level 6.5 Dodging
 - Level 4.5 Stealth
 - Level 5.2 Spellcasting
 + Level 6.3 Air Magic


You had 5 spell levels left.
You knew the following spells:

 Your Spells              Type           Power      Damage    Failure   Level
a - Static Discharge      Conj/Air       20%        3-4/arc   99%         2
b - Airstrike             Air            9%         2d(2-18)  100%        4
c - Summon Lightning Spi  Summ/Air       10%        N/A       100%        4
q - Blink                 Tloc           6%         N/A       100%        2

Your spell library contained the following spells:

 Spells                   Type           Power      Damage    Failure   Level
 Magic Dart               Conj           12%        1d3       100%        1
 Call Imp                 Summ           6%         N/A       100%        2
 Lesser Beckoning         Tloc           6%         N/A       100%        2
 Sublimation of Blood     Necr           3%         N/A       100%        2
 Dazzling Flash           Conj/Hex       6%         N/A       100%        3
 Gell's Gravitas          Tloc           3%         N/A       100%        3
 Teleport Other           Tloc           3%         N/A       100%        3
 Volatile Blastmotes      Fire/Tloc      6%         2d10      100%        3
 Starburst                Conj/Fire      1%         6d3       100%        6
 Summon Hydra             Summ           1%         N/A       100%        7
 Maxwell's Capacitive Co  Air            9%         ∞         100%        8


Dungeon Overview and Level Annotations

Branches:
Dungeon (7/15)             Temple (0/1) D:6          Bailey (1/1)

Shops:
D:4 :[:[*

Annotations:
D:7 Pikel


Innate Abilities, Weirdness & Mutations

You have an increased reservoir of magic. (+10% MP)
You shall have no god before yourself.
Your divine heritage dramatically boosts your attributes as you level up.


Message History

Unknown command.
Unknown command.
Unknown command.
Aiming: Corrosive Bolt
Press: ? - help, Shift-Dir - straight line, f/p - orc warrior
Aim: an orc warrior, wielding a +0 arbalest and wearing a +0 scale mail (purple smoke, severely wounded, poisoned, slow, 64% to hit)
The bolt of acid hits the orc warrior!
You kill the orc warrior!
The bolt of acid hits the orc warrior!
The acid corrodes the orc warrior!
You kill the orc warrior!
The orc shoots a bolt.
The bolt barely misses you.
The orc shoots a bolt.
The bolt hits you.
* * * LOW HITPOINT WARNING * * *
Unknown command.
Unknown command.
Unknown command.
Unknown command.
Unknown command.
Unknown command.
The orc unwields a +0 arbalest.
The orc hits you but does no damage.
The orc shoots a bolt.
The bolt hits you.
* * * LOW HITPOINT WARNING * * *
There is an empty arch of ancient stone here.
Unknown command.
Unknown command.
Unknown command.
Unknown command.
Unknown command.
Unknown command.
Unknown command.
Okay, then.
Unknown command.
The orc wields a +0 arbalest.
The orc shoots a bolt.
The bolt hits you!
* * * LOW HITPOINT WARNING * * *
The orc unwields a +0 arbalest.
The orc hits you but does no damage.
Unknown command.
Unknown command.
It was a potion of curing.
You feel better.
The orc shoots a bolt.
The bolt hits you!
You die...

...≈≈ #.....≈##.
#.....≈#... o....
#.....≈##.##≈o...
#.§...≈≈###≈≈....
#.§§§..≈≈≈≈≈.....
#§§§§............
#o§@o.§..........
#§§§§...(........
#§§§§§§.(........
#################


You could see 2 orcs.

Vanquished Creatures
  Grinder (D:3)
  Sigmund (D:2)
  A water moccasin (D:6)
  2 orc warriors (Bailey)
  An ice beast (D:5)
  2 centaurs
  2 ogres
  A phantom (D:5)
  A kobold brigand (D:5)
  A lemure (D:7)
  3 scorpions (D:6)
  5 hounds
  5 jellies
  3 bombardier beetles
  A gnoll bouda (D:5)
  2 orc priests (D:5)
  2 iguanas
  4 orc wizards
  5 gnolls
  3 adders
  A shadow imp (D:6)
  A white imp (D:6)
  8 ufetubi
  2 adder skeletons (D:2)
  2 worms (D:5)
  10 orcs
  10 ball pythons
  3 bat zombies (D:2)
  7 endoplasms
  3 giant cockroaches
  7 goblins
  13 hobgoblins
  27 kobolds
  3 quokkas
  A ball python skeleton (D:2)
  A ball python zombie (D:2)
  9 bats
  6 frilled lizards
  A quokka zombie (D:2)
  3 rats
164 creatures vanquished.

Vanquished Creatures (others)
  A gnoll (D:5)
  2 kobolds (D:5)
3 creatures vanquished.

Grand Total: 167 creatures vanquished

Notes
Turn   | Place    | Note
-------+----------+-------------------------------------------
     0 | D:5      | drugrobin the Demigod Delver began the quest for the Orb.
     0 | D:5      | Reached XP level 1. HP: 18/18 MP: 3/3
    25 | D:5      | Noticed an ice beast
    73 | D:5      | Noticed an orc wizard
    88 | D:4      | Found Goycoah's Antique Armour Emporium.
   211 | D:4      | Found Jukleic's Book Emporium.
   222 | D:4      | Found Hiosoh's Book Emporium.
   222 | D:4      | Noticed an ogre
   229 | D:4      | Found Ybojeusch's Antique Armour Shoppe.
   280 | D:3      | Noticed Grinder
   446 | D:1      | Reached XP level 2. HP: 25/25 MP: 4/4
  1005 | D:1      | Reached XP level 3. HP: 30/30 MP: 5/5
  1329 | D:2      | Learned a level 2 spell: Static Discharge
  1404 | D:2      | Reached skill level 1 in Spellcasting
  1665 | D:2      | Noticed Sigmund
  1721 | D:2      | Reached skill level 1 in Air Magic
  1721 | D:2      | Reached XP level 4. HP: 30/37 MP: 8/8
  2739 | D:2      | Killed Sigmund
  2740 | D:2      | Reached XP level 5. HP: 38/42 MP: 4/11
  2746 | D:2      | Learned a level 4 spell: Airstrike
  2810 | D:2      | Learned a level 2 spell: Blink
  3026 | D:3      | Paralysed by Grinder for 5 turns
  3044 | D:3      | Paralysed by Grinder for 5 turns
  3046 | D:3      | Killed Grinder
  3047 | D:3      | Reached XP level 6. HP: 34/50 MP: 11/14
  3364 | D:4      | Found Xeneic's General Store.
  4370 | D:3      | Reached XP level 7. HP: 56/56 MP: 11/16
  5143 | D:5      | Learned a level 4 spell: Summon Lightning Spire
  5203 | D:5      | Reached skill level 5 in Spellcasting
  5694 | D:5      | Reached XP level 8. HP: 47/62 MP: 19/19
  6617 | D:6      | Reached skill level 5 in Dodging
  6886 | D:6      | Reached skill level 5 in Air Magic
  7710 | D:6      | Found a staircase to the Ecumenical Temple.
  7815 | D:7      | Found a flagged portal.
  7935 | D:7      | Noticed Pikel
  7968 | Bailey   | Entered a bailey
  8184 | Bailey   | HP: 3/62 [orc/bolt (7)]
  8185 | Bailey   | Shot with a bolt by an orc

Illustrated notes

Levels and vault maps discovered:
D:1:      nicolae_arrival_washed_ashore, layout_loops_ring,
          minmay_misc_feat_enclosed
D:2:      layout_loops_cross, serial_undead, serial_undead_f, serial_undead_b,
          serial_undead_a, serial_undead_d, serial_undead_b, serial_undead_f,
          serial_undead_d, uniq_sigmund
D:3:      layout_loops_ring, amcnicky_altar_gilded, uniq_grinder
D:4:      layout_basic, kennysheep_mini, nicolae_overflow_hidden_temple,
          serial_shops, shop, nicolae_inconvenience_store, shop, shop, shop
D:5:      kennysheep_kobold_camp, layout_basic
D:6:      layout_loops_ring, mainiacjoe_overflow_tiny_flanked,
          minmay_temple_entry_fiery
D:7:      layout_rooms, old_standard_altar, enter_bailey_2, uniq_pikel,
          uniq_crazy_yiuf_cottage
Bailey:   bailey_polearm_2, bailey

Skill      XL: |  1  2  3  4  5  6  7  8 |
---------------+-------------------------+-----
Maces & Flails | 2 3 |  3.4
Spellcasting   | 1 2 3 4 5 |  5.2
Air Magic      | 1 3 4 6 |  6.3
Dodging        | 2 4 6 |  6.5
Fighting       | |  2.6
Stealth        | |  4.5

Action                     |  1- 3 |  4- 6 |  7- 9 || total
---------------------------+-------+-------+-------++-------
  Melee: Mace              |   103 |       |       ||   103
         Whip              |    45 |    51 |       ||    96
         Dagger            |       |    75 |   239 ||   314
         Punch             |       |     4 |     2 ||     6
         Flail             |       |       |    10 ||    10
   Fire: Sling             |    24 |     3 |     1 ||    28
  Throw: Boomerang         |       |     5 |    15 ||    20
         Throwing net      |       |     1 |       ||     1
         Dart              |       |     5 |    12 ||    17
   Cast: Static Discharge  |       |     4 |     3 ||     7
         Blink             |       |     1 |     4 ||     5
         Airstrike         |       |     1 |    12 ||    13
  Evoke: Wand              |       |       |     4 ||     4
    Use: Scroll            |       |       |     3 ||     3
         Potion            |       |       |     1 ||     1
   Stab: Sleeping          |     6 |     6 |     6 ||    18
         Distracted        |       |     1 |     1 ||     2
 Armour: Leather armour    |    17 |    88 |   140 ||   245
         Ring mail         |    24 |       |       ||    24
         Scale mail        |    72 |       |       ||    72
         Plate armour      |       |       |    24 ||    24
  Dodge: Dodged            |   109 |    79 |   204 ||   392

Table legend: (Time is in decaauts)
 A = Elapsed time spent in this place.
 B = Non-inter-level travel time spent in this place.
 C = Inter-level travel time spent in this place.
 D = Time resting spent in this place.
 E = Time spent auto-exploring this place.
 F = Levels seen in this place.
 G = Mean time per level.
                   A        B        C        D        E       F      G
               +--------+--------+--------+--------+--------+-----+--------+
         Total |   8231 |   7715 |    516 |   1054 |   4141 |   8 | 1028.9 |
       Dungeon |   8015 |   7499 |    516 |    889 |   4141 |   7 | 1145.0 |
        Bailey |    216 |    216 |      0 |    165 |      0 |   1 |  216.0 |
               +--------+--------+--------+--------+--------+-----+--------+

Top non-repeatable levels by time:
     D:5: 1957 daAuts
     D:3: 1318 daAuts
     D:4: 1233 daAuts
     D:6: 1219 daAuts
     D:1: 1095 daAuts
     D:2: 1007 daAuts
  Bailey: 216 daAuts
     D:7: 182 daAuts
